Map: Heavy Artillery LE

Players

Massa - Winner!

  • Race: Terran Terran
  • League: Platinum
  • Spawn Location: 3:00

qqq - Winner!

  • Race: Zerg Zerg
  • Spawn Location: 1:00

Nosol

  • Race: Protoss Protoss
  • Spawn Location: 7:00

sorcio

  • Race: Terran Terran
  • Spawn Location: 7:00

VOD

Have the link to the VOD?

Description

Time

  • Played on: Oct. 8, 2020, 2:32 p.m.
  • Length: 19:29
Show
View Real Time Build Order
Export as new Build Order

Massa Terran - Winner!

Build Orders: Gas First Reaper Expand 

Get SALT Encoding   

  12  0:00  SCV  
  13  0:12  SCV  
  14  0:24  SCV  
  14  0:25  Supply Depot  
  15  0:35  Refinery  
  15  0:46  SCV  
  15  0:47  Barracks  
  16  0:59  SCV  
  17  1:11  SCV  
  18  1:23  SCV  
  19  1:34  Reaper  
  19  1:38  Orbital Command  
  20  1:45  Command Center  
  20  2:04  Factory  
  20  2:05  SCV  
  20  2:06  Marine  
  22  2:15  Supply Depot  
  22  2:17  SCV  
  23  2:43  SCV  
  24  2:55  SCV  
  25  3:07  SCV  
  25  3:09  Factory Reactor  
  26  3:13  Barracks Tech Lab, Bunker  
  26  3:16  Supply Depot  
  26  3:25  SCV  
  26  3:26  Orbital Command  
  27  3:37  SCV  
  27  3:41  Refinery  
  28  3:59  Hellion x2  
  28  4:00  Marauder  
  28  4:01  Stimpack  
  33  4:11  SCV x2  
  35  4:20  Hellion x2  
  35  4:22  Starport  
  35  4:23  SCV x2  
  41  4:24  Factory  
  41  4:27  Command Center  
  41  4:29  Refinery  
  41  4:36  Marauder  
  44  4:38  SCV x2  
  44  4:41  Hellion  
  44  4:42  Hellion  
  49  4:50  SCV x2  
  51  4:58  Marauder  
  53  5:12  Supply Depot x2  
  53  5:13  Supply Depot x2  
  53  5:19  SCV  
  53  5:20  Factory Tech Lab  
  54  5:33  SCV x2, Barracks, Medivac  
  54  5:34  Widow Mine x2  
  62  5:36  Engineering Bay  
  62  5:38  Supply Depot  
  62  5:47  SCV x2  
  62  5:48  Orbital Command  
  64  5:55  Widow Mine x2  
  68  5:59  SCV  
  68  6:03  Medivac  
  71  6:07  Refinery, Missile Turret  
  71  6:11  Missile Turret  
  71  6:22  Barracks  
  71  6:28  Factory Tech Lab  
  71  6:33  Siege Tank  
  74  6:43  Combat Shield  
  74  6:48  Marauder  
  74  6:49  Barracks Reactor  
  76  7:05  Siege Tank  
  79  7:09  Marauder  
  81  7:23  Siege Tank  
  81  7:25  Starport Reactor  
  84  7:36  SCV x2  
  86  7:37  Siege Tank  
  89  7:44  Orbital Command  
  89  7:48  SCV x2  
  91  8:00  SCV x2  
  91  8:01  Concussive Shells  
  93  8:12  SCV x2  
  87  8:24  SCV, Supply Depot x2  
  87  8:25  SCV  
  87  8:26  Supply Depot  
  89  8:28  Supply Depot x2  
  89  8:33  Marauder  
  89  8:34  Marine x4  
  92  8:37  Liberator x2  
  92  8:40  Siege Tank  
  104  8:42  SCV x2  
  104  8:43  SCV  
  107  8:50  Terran Infantry Weapons Level 1  
  107  8:51  Marine, Command Center  
  107  8:52  Marine x3  
  107  8:54  SCV  
  107  8:55  SCV x2, Armory, Marauder  
  116  9:04  Refinery  
  116  9:05  Refinery  
  116  9:06  SCV  
  116  9:08  Missile Turret  
  116  9:09  Marine  
  118  9:10  Marine x2  
  118  9:12  Marine  
  118  9:16  Barracks, Marauder  
  123  9:20  Liberator  
  126  9:24  Engineering Bay  
  126  9:27  Marine  
  126  9:28  Marine x2  
  126  9:29  Armory, Marine  
  130  9:37  Marauder  
  132  9:47  Marine  
  133  9:59  Marauder  
  135  10:01  Marine  
  135  10:02  Marine x2  
  135  10:04  Widow Mine x2  
  135  10:05  Marine  
  143  10:10  Viking  
  143  10:13  Planetary Fortress  
  145  10:16  SCV  
  145  10:17  SCV x2  
  145  10:19  Marine x2  
  145  10:20  Marauder, Marine  
  153  10:23  Marine  
  153  10:25  Widow Mine  
  153  10:26  Widow Mine  
  158  10:28  SCV  
  158  10:29  Viking  
  158  10:32  Terran Infantry Armor Level 1  
  158  10:33  Terran Vehicle And Ship Armor Level 1  
  155  10:37  Marine x3  
  155  10:40  Marine, Viking  
  155  10:42  Marauder  
  157  10:46  Siege Tank  
  157  10:47  Siege Tank  
  163  11:08  Supply Depot  
  163  11:09  Supply Depot  
  163  11:10  Supply Depot  
  163  11:11  Supply Depot x3  
  163  11:12  Supply Depot  
  163  11:25  Command Center  
  163  11:29  Viking  
  163  11:30  Marauder  
  167  11:35  Supply Depot x3  
  165  11:49  Marine x5  
  165  11:51  Marauder  
  165  11:52  Medivac  
  174  11:59  Medivac  
  176  12:05  Terran Infantry Weapons Level 2  
  176  12:07  Marine x5, Terran Vehicle Weapons Level 1  
  181  12:13  Marauder  
  183  12:16  SCV x4  
  183  12:20  Refinery  
  183  12:22  Refinery, Medivac  
  187  12:24  Sensor Tower  
  187  12:25  Marine x2  
  187  12:27  Missile Turret  
  187  12:28  SCV x4, Missile Turret  
  195  12:32  Missile Turret  
  195  12:34  Marauder  
  197  12:37  Viking  
  197  12:40  Terran Vehicle And Ship Armor Level 2, SCV  
  197  12:42  Terran Infantry Armor Level 2  
  197  12:44  Smart Servos  
  200  12:46  Drilling Claws  
  146  13:51  Marauder, Marine  
  146  13:52  Marine x4  
  144  14:09  Marine, Thor x2  
  157  14:10  Marine x4  
  157  14:12  Marauder, Planetary Fortress  
  157  14:14  Refinery  
  157  14:16  Refinery  
  159  14:23  Terran Infantry Weapons Level 3  
  155  14:27  Marine  
  155  14:28  Marine x4  
  160  14:34  Marauder  
  162  14:42  Barracks x2  
  162  14:43  Barracks  
  162  14:44  Barracks  
  162  14:45  Marine x5  
  163  14:52  Thor x2  
  179  14:55  Marauder  
  179  14:56  Terran Vehicle Weapons Level 2  
  181  15:03  Liberator, Marine x3  
  181  15:04  Liberator  
  190  15:17  Marauder  
  192  15:30  Barracks  
  192  15:33  Barracks  
  192  15:35  Barracks  
  192  15:38  Marauder  
  194  15:46  Liberator x2  
  200  16:03  Terran Infantry Armor Level 3  
  200  16:05  Terran Vehicle And Ship Armor Level 3  
  190  17:00  Hi-Sec Auto Tracking  
  165  17:47  Marauder, Marine  
  165  17:48  Marine x8  
  176  18:05  Marine  
  177  18:06  Marine x7  
  177  18:08  Marauder  
  186  18:20  Refinery  
  186  18:23  Command Center  
  186  18:26  Barracks Tech Lab x3  
  183  18:27  Barracks Reactor x2  
  183  18:30  Marauder  
  185  18:51  Marauder  
Show
View Real Time Build Order
Export as new Build Order

qqq Zerg - Winner!

Build Orders: Hatch First, Swarm Host 

Get SALT Encoding   

  12  0:04  Drone  
  13  0:16  Drone  
  14  0:36  Hatchery  
  14  0:39  Drone  
  14  1:01  Spawning Pool  
  14  1:03  Overlord  
  13  1:08  Drone  
  13  1:11  Extractor  
  13  1:14  Drone  
  14  1:24  Drone  
  15  1:36  Drone  
  16  1:51  Queen  
  16  1:52  Drone x2  
  20  2:03  Drone  
  20  2:04  Drone  
  20  2:05  Queen  
  24  2:09  Drone  
  25  2:18  Overlord  
  25  2:22  Drone  
  25  2:25  Drone  
  26  2:36  Drone  
  27  2:39  Drone  
  27  2:40  Zergling x2  
  27  2:41  Metabolic Boost  
  29  2:53  Zergling x4  
  29  2:54  Drone x2  
  33  3:07  Drone  
  33  3:09  Zergling x2  
  35  3:17  Zergling x2  
  35  3:18  Overlord  
  36  3:23  Overlord  
  36  3:29  Overlord  
  36  3:30  Hatchery  
  36  3:33  Drone  
  36  3:34  Overlord  
  36  3:42  Zergling x4  
  36  3:43  Zergling x4  
  36  3:45  Drone  
  36  3:47  Drone  
  42  3:49  Zergling x2  
  43  3:59  Zergling x2  
  43  4:00  Drone x2  
  43  4:01  Zergling x4  
  48  4:08  Zergling x2  
  49  4:20  Zergling x2  
  49  4:21  Drone x2  
  46  4:45  Zergling x10  
  51  4:46  Drone x5  
  55  4:53  Hatchery  
  55  4:55  Drone x2, Zergling x2  
  50  5:10  Drone, Zergling x2  
  50  5:11  Drone x2  
  54  5:14  Queen  
  56  5:26  Zergling x4  
  56  5:27  Drone x3  
  61  5:29  Lair  
  61  5:33  Roach Warren  
  60  5:36  Drone  
  60  5:37  Drone  
  62  5:44  Drone  
  62  5:49  Drone x2  
  65  5:50  Overlord  
  65  5:51  Zergling x2  
  65  5:52  Zergling x2  
  67  6:04  Drone, Zergling x2  
  67  6:05  Drone, Zergling x2  
  67  6:11  Drone x2  
  72  6:14  Extractor  
  72  6:15  Extractor, Hatchery  
  72  6:17  Spore Crawler  
  68  6:20  Drone, Spore Crawler  
  68  6:21  Roach x3  
  68  6:22  Roach  
  68  6:24  Hatchery, Drone x2  
  77  6:29  Queen  
  77  6:31  Drone  
  77  6:32  Drone, Spore Crawler  
  79  6:48  Zergling x6  
  79  6:49  Roach x3  
  79  6:51  Glial Reconstitution  
  88  6:56  Hydralisk Den  
  88  6:57  Overlord x2  
  88  6:58  Drone, Overlord x2  
  88  7:00  Overlord  
  88  7:01  Overlord  
  88  7:03  Infestation Pit  
  87  7:23  Roach x2  
  87  7:27  Drone x6  
  87  7:28  Drone  
  96  7:32  Drone x2  
  96  7:33  Roach x3  
  96  7:35  Zergling x8  
  108  7:52  Evolution Chamber  
  108  7:54  Evolution Chamber  
  108  7:55  Extractor  
  105  8:00  Extractor  
  105  8:01  Extractor  
  103  8:06  Swarm Host  
  103  8:08  Nydus Network, Zergling x4  
  103  8:09  Drone x4, Tunneling Claws  
  103  8:10  Drone x2  
  113  8:17  Swarm Host  
  113  8:18  Zergling x6  
  113  8:19  Zergling x4  
  121  8:24  Drone x4  
  121  8:25  Drone  
  126  8:28  Drone x3  
  129  8:38  Swarm Host x3  
  138  8:48  Zerg Missile Weapons Level 1  
  138  8:53  Drone x3  
  141  8:57  Queen  
  141  8:59  Spore Crawler  
  141  9:01  Drone x4, Spine Crawler  
  141  9:02  Drone x3, Spine Crawler  
  147  9:04  Overlord x7  
  147  9:05  Overlord x3  
  147  9:19  Muscular Augments  
  147  9:20  Zerg Ground Armor Level 1  
  147  9:21  Swarm Host  
  147  9:22  Swarm Host  
  153  9:24  Hydralisk  
  153  9:25  Drone x2  
  153  9:26  Drone x6  
  158  9:37  Roach x4  
  158  9:38  Roach x3  
  168  9:39  Drone x5  
  168  9:44  Nydus Canal  
  173  9:45  Drone  
  173  9:48  Roach x5  
  184  9:57  Burrow  
  184  10:02  Hydralisk x3  
  190  10:15  Nydus Canal  
  190  10:17  Roach  
  190  10:18  Hydralisk, Roach x3  
  200  10:25  Extractor, Spine Crawler  
  200  10:26  Extractor  
  200  10:27  Extractor  
  200  10:28  Extractor  
  195  10:30  Grooved Spines  
  195  10:37  Hatchery  
  187  10:43  Swarm Host x2  
  187  10:44  Hatchery  
  187  10:45  Zergling x2  
  187  10:49  Extractor  
  198  10:51  Extractor  
  197  10:59  Hive  
  197  11:00  Zerg Melee Weapons Level 1  
  197  11:08  Drone x2  
  199  11:14  Roach x24  
  199  11:26  Roach x22  
  199  11:33  Roach x15  
  177  11:58  Hydralisk x7  
  177  11:59  Hydralisk x2  
  177  12:00  Roach x2  
  177  12:01  Roach x3  
  189  12:02  Zergling x10  
  189  12:03  Zergling x8  
  189  12:04  Drone x4  
  189  12:06  Roach  
  198  12:20  Ultralisk Cavern  
  197  12:25  Lurker Den  
  197  12:26  Drone x3  
  199  12:30  Spine Crawler  
  171  12:53  Nydus Canal  
  171  12:54  Zerg Missile Weapons Level 2  
  171  12:56  Hydralisk x7  
  171  12:57  Hydralisk x3  
  171  12:58  Hydralisk x4  
  185  12:59  Hydralisk x2  
  197  13:09  Swarm Host  
  200  13:14  Spine Crawler  
  200  13:15  Spine Crawler, Nydus Canal  
  200  13:19  Spore Crawler  
  177  13:50  Ultralisk x3  
  177  13:52  Anabolic Synthesis  
  177  13:54  Zerg Melee Weapons Level 2  
  195  13:59  Drone x3  
  195  14:00  Drone x2  
  200  14:11  Nydus Canal  
  200  14:15  Spine Crawler  
  193  14:17  Spine Crawler  
  188  14:25  Ultralisk x2  
  200  14:35  Chitinous Plating  
  200  14:38  Nydus Canal  
  175  15:04  Drone x3  
  175  15:06  Hydralisk, Ultralisk x3  
  175  15:07  Hydralisk  
  194  15:39  Nydus Canal  
  194  15:51  Ultralisk  
  198  15:59  Hydralisk x4  
  198  16:00  Hydralisk x6  
  182  16:06  Zerg Missile Weapons Level 3  
  166  16:11  Spire  
  166  16:12  Hydralisk x2, Ultralisk  
  166  16:13  Hydralisk, Ultralisk  
  166  16:15  Hydralisk x3  
  183  16:21  Hatchery  
  174  16:28  Hatchery, Spine Crawler x2  
  174  16:29  Spine Crawler  
  174  16:30  Drone x3  
  165  16:48  Extractor  
  165  16:49  Extractor  
  163  17:05  Ultralisk x3  
  163  17:06  Ultralisk x6  
  198  17:15  Hydralisk x3  
  194  17:16  Hydralisk  
  190  17:27  Overseer  
  190  17:29  Overseer  
  176  17:30  Pneumatized Carapace  
  176  17:31  Hydralisk x4  
  176  17:32  Hydralisk  
  176  17:33  Ultralisk x2  
  176  17:34  Hydralisk  
  189  17:51  Nydus Canal  
  175  18:40  Hydralisk  
  175  18:41  Hydralisk x8  
  177  18:42  Hydralisk  
  177  18:46  Hydralisk x2  
  200  18:48  Drone  
  200  19:00  Hatchery  
Show
View Real Time Build Order
Export as new Build Order

Nosol Protoss 

Build Orders: 1 Gate Expand 

Get SALT Encoding   

  12  0:01  Probe  
  13  0:13  Probe  
  14  0:24  Pylon  
  14  0:25  Probe  
  15  0:42  Probe  
  16  0:45  Gateway  
  16  0:54  Probe  
  17  1:06  Probe (Chrono Boost)  
  18  1:15  Assimilator  
  18  1:17  Assimilator  
  18  1:18  Probe (Chrono Boost)  
  19  1:28  Nexus  
  19  1:38  Assimilator  
  19  1:43  Assimilator  
  19  1:47  Probe  
  20  1:59  Probe  
  21  2:09  Cybernetics Core  
  21  2:11  Probe  
  22  2:16  Pylon  
  22  2:24  Probe  
  23  2:38  Gateway  
  23  2:40  Warp Gate  
  23  2:41  Gateway  
  23  2:49  Gateway  
  23  3:02  Twilight Council  
  23  3:08  Probe (Chrono Boost)  
  23  3:09  Probe (Chrono Boost)  
  25  3:19  Probe x2 (Chrono Boost)  
  27  3:23  Stalker (Chrono Boost)  
  31  3:37  Stalker (Chrono Boost)  
  33  3:42  Probe x2, Stalker (Chrono Boost)  
  34  3:57  Pylon  
  34  4:01  Probe  
  35  4:12  Pylon  
  35  4:18  Probe (Chrono Boost)  
  35  4:19  Probe (Chrono Boost)  
  37  4:28  Probe x2 (Chrono Boost)  
  39  4:32  Forge  
  39  4:33  Probe x2 (Chrono Boost)  
  39  4:34  Pylon  
  39  4:37  Stalker  
  39  4:38  Stalker  
  45  4:43  Stalker  
  43  5:10  Stalker  
  43  5:11  Stalker x3  
  51  5:21  Blink  
  51  5:23  Protoss Ground Weapons Level 1 (Chrono Boost)  
  51  5:30  Probe x2  
  54  5:42  Probe  
  54  5:43  Probe  
  54  5:46  Stalker  
  54  5:47  Stalker  
  54  5:48  Stalker  
  61  5:54  Probe  
  61  5:55  Probe  
  63  5:58  Stargate  
  63  6:04  Robotics Facility  
  63  6:07  Probe  
  64  6:15  Probe  
  65  6:19  Probe  
  66  6:27  Probe  
  67  6:33  Stalker  
  69  6:41  Nexus  
  69  7:00  Pylon  
  69  7:02  Observer  
  69  7:05  Pylon  
  70  7:09  Pylon  
  70  7:18  Oracle  
  70  7:21  Charge, Protoss Ground Armor Level 1 (Chrono Boost)  
  73  7:23  Stalker x4  
  73  7:24  Observer  
  82  7:38  Pylon  
  82  7:52  Oracle (Chrono Boost)  
  85  8:02  Probe x2 (Chrono Boost)  
  85  8:03  Probe (Chrono Boost)  
  88  8:12  Probe x3 (Chrono Boost)  
  91  8:16  Probe (Chrono Boost)  
  91  8:17  Probe x2 (Chrono Boost)  
  91  8:19  Oracle (Chrono Boost)  
  94  8:27  Probe  
  94  8:28  Probe x2  
  97  8:39  Pylon  
  97  8:40  Probe x2  
  99  8:42  Pylon  
  99  8:44  Pylon, Immortal  
  103  8:51  Robotics Bay  
  103  8:57  Robotics Facility  
  103  8:59  Robotics Facility  
  103  9:07  Stalker x4  
  103  9:08  Assimilator  
  111  9:10  Assimilator  
  111  9:20  Gateway  
  111  9:22  Gateway  
  111  9:23  Protoss Ground Weapons Level 2 (Chrono Boost), Immortal  
  115  9:24  Gateway  
  115  9:26  Gateway  
  115  9:29  Gateway  
  115  9:30  Gateway  
  115  9:32  Gateway  
  115  9:34  Gateway  
  115  9:58  Probe  
  116  10:10  Probe  
  113  10:22  Probe  
  96  10:55  Probe  
  97  11:00  Immortal x2  
  105  11:07  Probe (Chrono Boost)  
  106  11:15  Pylon  
  106  11:18  Pylon  
  107  11:19  Probe (Chrono Boost)  
  107  11:21  Stalker x3  
  107  11:22  Pylon, Stalker x5  
  107  11:23  Stalker x3  
  107  11:24  Stalker  
  131  11:25  Probe (Chrono Boost)  
  131  11:31  Dark Shrine  
  132  11:33  Probe  
  132  11:39  Immortal x2  
  141  11:45  Probe  
  142  11:48  Protoss Shields Level 1 (Chrono Boost)  
  142  11:52  Protoss Air Weapons Level 1  
  146  11:54  Immortal  
  146  12:18  Immortal x2  
  154  12:34  Gravitic Boosters  
  154  12:40  Pylon  
  154  12:41  Pylon  
  154  12:49  Immortal  
  156  12:58  Immortal x2  
  162  13:14  Pylon  
  162  13:15  Pylon  
  162  13:19  Dark Templar x5  
  172  13:26  Pylon  
  169  13:28  Pylon  
  169  13:30  Pylon  
  169  13:31  Gravitic Drive  
  112  13:47  Dark Templar x2  
  112  13:48  Dark Templar x5  
  102  13:49  Protoss Ground Armor Level 2 (Chrono Boost)  
  80  14:00  Protoss Air Armor Level 1, Immortal  
  80  14:01  Immortal x2  
  92  14:05  Dark Templar  
  92  14:08  Zealot x4  
  102  14:13  Shadow Stride (Chrono Boost)  
  102  14:28  Extended Thermal Lance  
  102  14:40  Immortal  
  70  15:02  Zealot x5  
  70  15:03  Zealot x3  
  70  15:04  Zealot x4  
  94  15:24  Dark Templar x3  
  94  15:25  Dark Templar x4  
  108  15:28  Zealot x2  
  108  15:29  Zealot x3  
  71  16:08  Protoss Shields Level 2  
  68  16:16  Observer x3  
  71  16:32  Zealot x2  
  75  16:33  Zealot x9  
  75  16:34  Zealot  
  75  16:37  Observer x2, Warp Prism  
  99  16:58  Immortal  
  75  17:37  Dark Templar x4  
  75  17:39  Zealot x2  
  75  17:40  Zealot x6  
  49  18:33  Zealot x3  
  49  18:34  Zealot x5  
  54  18:35  Zealot x3  
  60  18:48  Dark Templar  
  62  19:16  Dark Templar  
Show
View Real Time Build Order
Export as new Build Order

sorcio Terran 

Build Orders: Reaper Expand 

Get SALT Encoding   

  12  0:00  SCV  
  13  0:12  SCV  
  14  0:18  Supply Depot  
  14  0:24  SCV  
  15  0:39  SCV  
  16  0:45  Barracks  
  16  0:48  Refinery  
  16  0:51  SCV  
  17  1:05  SCV  
  18  1:17  SCV  
  19  1:31  Orbital Command  
  19  1:32  Reaper  
  20  1:42  Command Center  
  20  1:50  Refinery  
  20  2:01  SCV  
  20  2:06  Barracks Reactor  
  21  2:08  Supply Depot  
  21  2:14  SCV  
  22  2:26  SCV  
  22  2:28  Factory  
  23  2:38  SCV  
  24  2:50  SCV  
  25  2:52  Marine  
  25  2:53  Marine  
  25  2:56  Orbital Command  
  25  2:57  Barracks  
  26  3:10  Marine x2  
  28  3:16  Orbital Command  
  30  3:21  Factory Reactor  
  30  3:22  Factory Tech Lab  
  30  3:24  SCV  
  29  3:30  Marine x2  
  31  3:34  Starport  
  31  3:40  SCV  
  32  3:42  SCV  
  32  3:44  Siege Tank  
  32  3:46  Barracks Tech Lab  
  36  3:52  SCV  
  36  3:54  SCV  
  38  4:02  Marine x2  
  39  4:04  SCV  
  39  4:06  SCV  
  42  4:10  Supply Depot  
  42  4:11  Supply Depot  
  42  4:14  Medivac  
  42  4:16  SCV  
  45  4:18  SCV, Stimpack  
  46  4:26  Command Center  
  46  4:32  Siege Tank  
  42  4:40  Marine x2  
  42  4:41  Marine  
  43  4:51  Medivac  
  45  4:56  SCV  
  45  4:58  Marine x2  
  48  5:04  Siege Tank  
  51  5:12  Command Center  
  51  5:15  Marine  
  51  5:16  Marine x2  
  51  5:18  SCV x2  
  56  5:28  Engineering Bay  
  56  5:31  SCV x2  
  56  5:32  Engineering Bay  
  58  5:40  Marine, Siege Tank  
  62  5:54  Refinery x2  
  62  5:58  Supply Depot  
  62  6:00  Supply Depot  
  62  6:03  Terran Infantry Weapons Level 1  
  62  6:09  Terran Infantry Armor Level 1  
  62  6:20  SCV x2, Marine x2, Viking  
  62  6:21  Supply Depot  
  55  6:25  Orbital Command  
  68  6:32  SCV x2  
  70  6:37  Siege Tank  
  70  6:38  Barracks, Marine  
  74  6:44  SCV  
  75  6:51  SCV  
  75  6:52  Marine x2  
  80  7:01  Starport Reactor  
  76  7:22  Missile Turret x2  
  76  7:23  SCV x3  
  79  7:33  Siege Tank  
  79  7:34  Barracks Reactor  
  82  7:38  Combat Shield  
  82  7:39  Barracks  
  82  7:41  Marine x2  
  84  7:49  SCV x2  
  86  7:56  Factory  
  86  8:15  Orbital Command  
  83  8:28  Refinery  
  83  8:37  Marine  
  83  8:38  Marine x2  
  86  8:42  Barracks Reactor, Armory  
  86  8:43  Orbital Command  
  86  8:44  Siege Tank  
  86  8:46  Medivac x2  
  86  8:47  Factory Tech Lab  
  93  8:52  Marine x2  
  95  8:55  Marine x2  
  95  8:56  Marine  
  98  9:09  Marine  
  99  9:10  SCV x2  
  99  9:16  Command Center  
  101  9:28  SCV x3, Marine x4, Siege Tank x2  
  101  9:29  Marauder  
  113  9:32  Sensor Tower  
  113  9:44  Viking  
  113  9:45  Starport, Viking  
  117  9:52  Refinery  
  117  9:53  Refinery, Missile Turret  
  117  9:55  Missile Turret  
  117  9:58  Bunker  
  117  10:19  Supply Depot  
  117  10:20  Supply Depot  
  117  10:27  Marine x6, Viking x2  
  117  10:28  SCV x2, Sensor Tower, Siege Tank  
  132  10:30  Supply Depot  
  132  10:40  Marine  
  132  10:41  Siege Tank  
  136  10:45  Marine x4  
  136  10:46  Marauder  
  142  10:54  Marine  
  143  10:57  Viking x2  
  143  10:58  Starport Tech Lab, Marine  
  143  11:00  Siege Tank  
  143  11:02  Terran Vehicle Weapons Level 1  
  143  11:03  Marine x2  
  153  11:07  Armory  
  153  11:13  Siege Tank  
  153  11:14  Command Center  
  144  11:39  Marine x7  
  130  11:42  Orbital Command  
  118  11:57  Marine x3  
  116  12:11  Terran Infantry Armor Level 2, Terran Infantry Weapons Level 2  
  116  12:15  Barracks Tech Lab  
  116  12:26  Marauder, Marine x4  
  122  12:31  Barracks  
  122  12:32  Barracks  
  117  12:44  Marine x3  
  101  12:57  Terran Ship Weapons Level 1  
  101  12:58  Terran Vehicle And Ship Armor Level 1  
  101  13:00  Viking x2  
  101  13:01  Marauder x2, Marine  
  101  13:03  Marine  
  101  13:04  Siege Tank x2  
  89  13:23  Marauder x2  
  89  13:26  Barracks Tech Lab x2  
  79  13:27  Marine x4  
  73  13:44  Marauder x2, Siege Tank x2  
  73  13:45  Marauder x2, Marine x4  
  85  14:02  Marine  
  85  14:05  Marauder  
  86  14:16  Siege Tank x2  
  80  14:24  Viking  
  80  14:25  Viking x2  
  80  14:27  Marauder x4, Marine x3  
  93  14:33  Orbital Command  
  87  14:54  Viking  
  89  15:00  Orbital Command  
  89  15:15  Orbital Command  
  83  15:39  Marauder x4, Marine x4  
  94  15:57  Marine x4  
  94  16:01  Marauder  
  98  16:15  Refinery  
  94  16:19  Viking x2  
  94  16:20  Viking  
  94  16:24  Refinery  
  52  16:49  Siege Tank x2  
  52  16:51  Liberator  
  46  17:21  Siege Tank  
  47  17:40  Viking x2  
  51  17:57  Orbital Command  
  48  18:24  Refinery  
  48  18:25  Refinery  
  48  18:26  SCV x2  
  50  18:34  Viking  
Tags
 
Add a new tag
Caveats
  • Supply blocks, unpowered buildings, or Contaminate may cause inaccurate times.
  • Supply counts are checked every 10 seconds.